[Event "Wednesday Jan 10 Engine Tour 9 Rd Swiss 12m+1s Starts at 1600hrs ST"]
[Site "Infinity Chess"]
[Date "2018.1.10"]
[Round "3"]
[White "Satria_Ungu"]
[Black "THE_MACHINE"]
[Result "0-1"]
[ECO "D02"]
[WhiteElo "2411"]
[BlackElo "2522"]
[WhiteEngine "Houdini 6_CTG"]
[BlackEngine "Houdini 6"]
[EventType "Swiss"]
[WhiteTeam ""]
[BlackTeam ""]
[PlyCount "222"]
[TimeControl "720+1"]

1. d4 d5 2. Nf3 Nf6 3. c4 e6 4. Nc3 Be7 5. e3 O-O 6. a3 c5 7. cxd5 Nxd5 
8. Bd3 Nxc3 9. bxc3 Nc6 10. O-O b6 11. Qe2 Bb7 12. Bb2 Na5 13. Rad1 Qc7 
14. Nd2 Rab8 15. Rb1 e5 16. Rbe1 g6 17. e4 exd4 18. cxd4 cxd4 19. f4 Rbe8 
20. Qg4 b5 21. Bxb5 Rb8 22. Bc1 d3 23. Bxd3 Rfd8 24. Qe2 Qd6 25. Rf3 Bc8 
26. h3 Nc6 27. e5 Qc5+ 28. Re3 Bh4 29. Ne4 Qb6 30. g3 Be7 31. Bd2 Bxh3 
32. Rb1 Nd4 33. Qf2 Qxb1+ 34. Bxb1 Rxb1+ 35. Be1 h5 36. Kh2 Bf5 37. e6 Nxe6 
38. Bc3 Rdd1 39. Qg2 Kh7 40. a4 h4 41. Nf2 Rf1 42. Re2 Rg1 43. Qxg1 Rxg1 
44. Kxg1 hxg3 45. Bd2 Bc5 46. Be3 gxf2+ 47. Kxf2 Nxf4 48. Rd2 Bxe3+ 49. Kxe3 Nd3 
50. Rc2 a5 51. Rc7 Kg7 52. Ra7 Nb2 53. Kf4 Nxa4 54. Rxa5 Nb2 55. Ra7 Kf6 
56. Ke3 g5 57. Ra6+ Be6 58. Kf3 g4+ 59. Kg3 Nc4 60. Ra1 Ne3 61. Kf2 Nf5 
62. Kg2 g3 63. Ra4 Ke5 64. Kg1 g2 65. Ra5+ Bd5 66. Ra1 Nh4 67. Re1+ Kf4 
68. Rd1 Nf3+ 69. Kf2 g1=Q+ 70. Rxg1 f6 71. Rc1 f5 72. Rc5 Be4 73. Rc1 Kg4 
74. Ke3 Bd5 75. Kf2 f4 76. Rc5 Be4 77. Rc7 Ne5 78. Ke2 f3+ 79. Ke3 Bc6 
80. Rc8 Kg3 81. Kd4 f2 82. Kxe5 f1=Q 83. Rxc6 Qa1+ 84. Kd5 Qa8 85. Kd6 Kf3 
86. Rc7 Ke4 87. Rc4+ Kd3 88. Rg4 Qc8 89. Rg7 Qa6+ 90. Ke7 Ke4 91. Rg5 Qc6 
92. Rg2 Qc5+ 93. Ke6 Qh5 94. Rg7 Qe5+ 95. Kf7 Kf5 96. Kf8 Qd4 97. Re7 Kf6 
98. Rf7+ Kg6 99. Ke8 Qh8+ 100. Rf8 Qh3 101. Kd8 Qa3 102. Ke8 Qc5 103. Rg8+ Kf6 
104. Kd8 Qd5+ 105. Kc7 Qxg8 106. Kc6 Qc4+ 107. Kb7 Qb5+ 108. Kc8 Qb6 
109. Kd7 Qc5 110. Kd8 Ke6 111. Ke8 Qe7# 0-1

[Event "Wednesday Jan 10 Engine Tour 9 Rd Swiss 12m+1s Starts at 1600hrs ST"]
[Site "Infinity Chess"]
[Date "2018.1.10"]
[Round "2"]
[White "ocirema"]
[Black "KULLANI"]
[Result "1/2-1/2 "]
[ECO "C50"]
[WhiteElo "2404"]
[BlackElo "2420"]
[WhiteEngine "stockfish_18010422_x64_modern_CTG"]
[BlackEngine "BrainFish_180106_x64_CTG"]
[EventType "Swiss"]
[WhiteTeam ""]
[BlackTeam ""]
[PlyCount "159"]
[TimeControl "720+1"]

1. e4 e5 2. Nf3 Nc6 3. Bc4 Bc5 4. O-O Nf6 5. d3 d6 6. c3 a5 7. Re1 h6 
8. Nbd2 O-O 9. h3 Be6 10. a4 Ba7 11. Bxe6 fxe6 12. Qb3 Qe8 13. Nf1 Nh5 
14. Be3 Nf4 15. Bxa7 Rxa7 16. Re3 d5 17. Ne1 d4 18. Rf3 Kh7 19. Kh2 Qh5 
20. Ng3 Qe8 21. Nf1 Qh5 22. Kh1 Rf6 23. Nh2 Rg6 24. Qc4 Qh4 25. Qb5 Ra6 
26. Qb3 Qd8 27. Nf1 h5 28. Nh2 Rb6 29. Qc2 h4 30. Ng4 Kg8 31. Rd1 Rxg4 
32. hxg4 Qg5 33. g3 hxg3 34. fxg3 Qh6+ 35. Kg1 Nh3+ 36. Kf1 Ng5 37. Rf2 Qh1+ 
38. Ke2 Qh3 39. Rg2 Nb8 40. Qd2 Qxg4+ 41. Kf1 Na6 42. Qe2 Qxe2+ 43. Rxe2 dxc3 
44. bxc3 Rb3 45. Rc2 Ra3 46. Rb1 b6 47. Rcc1 Rxa4 48. Ra1 Nc5 49. Ke2 Rxa1 
50. Rxa1 Nb3 51. Rb1 Nc5 52. Nc2 Nf7 53. Na3 Nd6 54. Ke3 Kh7 55. Rf1 Kg8 
56. c4 Ndb7 57. Nb1 Nd8 58. Nc3 Nc6 59. Nb5 Na6 60. g4 Ncb4 61. Kd2 g5 
62. Rf6 c6 63. Nd6 Nc5 64. Rg6+ Kf8 65. Rxg5 Nbxd3 66. Rh5 Kg7 67. Rg5+ Kf8 
68. Rh5 Kg7 69. Rh2 a4 70. Kc3 Kf6 71. Rh8 Nc1 72. Rh1 Ne2+ 73. Kb2 Nd4 
74. Rf1+ Kg7 75. Kc3 a3 76. Ra1 Na4+ 77. Kd3 Nb2+ 78. Kc3 Na4+ 79. Kd3 Nc5+ 
80. Kc3 1/2-1/2

[Event "Wednesday Jan 10 Engine Tour 9 Rd Swiss 12m+1s Starts at 1600hrs ST"]
[Site "Infinity Chess"]
[Date "2018.1.10"]
[Round "2"]
[White "miguello"]
[Black "angriff"]
[Result "1/2-1/2"]
[ECO "A41"]
[WhiteElo "2410"]
[BlackElo "2406"]
[WhiteEngine "asmFishW_2017-11-19_popcnt_CTG"]
[BlackEngine "SF_64BIT_POPCNT_CTG"]
[EventType "Swiss"]
[WhiteTeam ""]
[BlackTeam ""]
[PlyCount "109"]
[TimeControl "720+1"]

1. d4 d6 2. e4 Nf6 3. Nc3 e6 4. Nf3 Be7 5. Bd3 Nbd7 6. O-O e5 7. Re1 O-O 
8. h3 c6 9. a4 Re8 10. a5 exd4 11. Nxd4 Ne5 12. Bf1 Bd7 13. Bf4 Bf8 14. g4 g6 
15. Be3 d5 16. exd5 Nxd5 17. Nxd5 cxd5 18. Bg2 Nc4 19. Bxd5 Bxg4 20. Bxf7+ Kxf7 
21. Qxg4 Qd5 22. b3 Nxe3 23. Rxe3 Bc5 24. Qf3+ Qxf3 25. Rxf3+ Kg8 26. Rd3 Rad8 
27. Rad1 Rc8 28. c3 Bxd4 29. cxd4 Re7 30. Kg2 Kf7 31. h4 Ke6 32. Re1+ Kd6 
33. Rxe7 Kxe7 34. h5 gxh5 35. Rh3 Rg8+ 36. Kf3 Rg5 37. b4 Rb5 38. Ke4 Ke6 
39. f4 a6 40. Rh2 Kf6 41. Rh3 Ke6 42. Rh1 Kf6 43. Rh2 Ke6 44. Rh4 Kf6 
45. Ke3 Rxb4 46. Rxh5 Rb5 47. Rxh7 Rxa5 48. Rxb7 Ra1 49. Ke4 Re1+ 50. Kd5 a5 
51. f5 a4 52. Rc7 a3 53. Rc2 Rf1 54. Kc5 Rxf5+ 55. Kb4 1/2-1/2

[Event "Wednesday Jan 10 Engine Tour 9 Rd Swiss 12m+1s Starts at 1600hrs ST"]
[Site "Infinity Chess"]
[Date "2018.1.10"]
[Round "2"]
[White "MiKachomiKa QueeN"]
[Black "ivrdurant"]
[Result "1/2-1/2"]
[ECO "C65"]
[WhiteElo "2412"]
[BlackElo "2421"]
[WhiteEngine "stockfish_18010422_x64_modern_CTG"]
[BlackEngine "Raubfisch X37b1."]
[EventType "Swiss"]
[WhiteTeam ""]
[BlackTeam ""]
[PlyCount "85"]
[TimeControl "720+1"]

1. e4 e5 2. Nf3 Nc6 3. Bb5 Nf6 4. d3 Bc5 5. c3 O-O 6. Bxc6 bxc6 7. Nxe5 d5 
8. d4 Bb6 9. O-O Nxe4 10. Nxc6 Qd6 11. Nb4 Re8 12. Re1 a5 13. Nd3 Ba6 14. Be3 c6 
15. Ne5 Bc7 16. Bf4 Qf6 17. Be3 Bxe5 18. dxe5 Qxe5 19. Nd2 Qd6 20. Nxe4 Rxe4 
21. f3 Re5 22. Qa4 Bb5 23. Qh4 a4 24. Bd4 Ree8 25. Rxe8+ Rxe8 26. Re1 Qd7 
27. Qg3 f6 28. Rxe8+ Qxe8 29. h3 Kh8 30. b3 h6 31. bxa4 Bxa4 32. Kh2 Bb5 
33. Qc7 Qg6 34. Qc8+ Kh7 35. Qc7 Bf1 36. Qg3 Qb1 37. a4 Qa1 38. Qg4 Qxa4 
39. Qf5+ Kg8 40. Qe6+ Kh7 41. Qf5+ Kg8 42. Qc8+ Kh7 43. Qf5+ 1/2-1/2

[Event "Wednesday Jan 10 Engine Tour 9 Rd Swiss 12m+1s Starts at 1600hrs ST"]
[Site "Infinity Chess"]
[Date "2018.1.10"]
[Round "2"]
[White "Klaus"]
[Black "MarioDeMonti"]
[Result "1/2-1/2"]
[ECO "B90"]
[WhiteElo "2435"]
[BlackElo "2427"]
[WhiteEngine "asmFishW_2017-11-19_bmi2"]
[BlackEngine "stockfish_x64_bmi2_2017_12_26_CTG"]
[EventType "Swiss"]
[WhiteTeam ""]
[BlackTeam ""]
[PlyCount "87"]
[TimeControl "720+1"]

1. e4 c5 2. Nf3 d6 3. d4 cxd4 4. Nxd4 Nf6 5. Nc3 a6 6. Be3 e5 7. Nb3 Be6 
8. f3 h5 9. Qd2 Nbd7 10. Nd5 Bxd5 11. exd5 g6 12. Be2 Bg7 13. O-O b6 14. c4 O-O 
15. Rae1 Re8 16. Bf2 Qc7 17. Bd3 Kh7 18. a4 Bh6 19. Qd1 Rab8 20. Bh4 Kg7 
21. Kh1 Nc5 22. Nxc5 bxc5 23. Re2 Qb7 24. Be1 Qd7 25. a5 Bg5 26. Bc2 Qc8 
27. Ba4 Rd8 28. Qd3 Rh8 29. h4 Bf4 30. Kg1 Kh7 31. g3 Bh6 32. Bc3 Qh3 
33. Rg2 Rhf8 34. Qe2 Kg8 35. Qe1 Ne8 36. f4 exf4 37. Qe7 Ng7 38. Bd7 Nf5 
39. Qf6 Qxg2+ 40. Kxg2 Bg7 41. Qg5 Bh6 42. Qf6 Bg7 43. Qg5 Bh6 44. Qf6 1/2-1/2

[Event "Wednesday Jan 10 Engine Tour 9 Rd Swiss 12m+1s Starts at 1600hrs ST"]
[Site "Infinity Chess"]
[Date "2018.1.10"]
[Round "2"]
[White "Thinker"]
[Black "hafaba"]
[Result "1/2-1/2"]
[ECO "B00"]
[WhiteElo "2436"]
[BlackElo "2439"]
[WhiteEngine "BrainFish_180106_x64_modern_CTG"]
[BlackEngine "Stockfish SL 07012018 POPCNT_CTG"]
[EventType "Swiss"]
[WhiteTeam ""]
[BlackTeam ""]
[PlyCount "63"]
[TimeControl "720+1"]

1. e4 Nc6 2. Nf3 e5 3. Bc4 Nf6 4. d3 Bc5 5. c3 d6 6. O-O h6 7. h3 O-O 8. Re1 a5 
9. Nbd2 Be6 10. a4 Qc8 11. Qe2 Nh5 12. Nb3 Bxc4 13. dxc4 Qe6 14. Nxc5 dxc5 
15. Nh4 Nf6 16. b3 Rad8 17. Ba3 b6 18. Rad1 Rxd1 19. Rxd1 Rd8 20. Rd3 Rxd3 
21. Qxd3 Ne7 22. Nf5 Nxf5 23. exf5 Qd6 24. Qxd6 cxd6 25. Kf1 Kh7 26. Ke2 g6 
27. fxg6+ Kxg6 28. Kd3 Ne8 29. Ke4 Nf6+ 30. Kd3 Nd7 31. Ke4 Nf6+ 32. Kd3 1/2-1/2

[Event "Wednesday Jan 10 Engine Tour 9 Rd Swiss 12m+1s Starts at 1600hrs ST"]
[Site "Infinity Chess"]
[Date "2018.1.10"]
[Round "2"]
[White "Gilgamesch"]
[Black "Vimtiroba"]
[Result "1-0"]
[ECO "C50"]
[WhiteElo "2488"]
[BlackElo "2479"]
[WhiteEngine "BrainFish_171005_x64_bmi2"]
[BlackEngine "CChess@Extended_CTG"]
[EventType "Swiss"]
[WhiteTeam ""]
[BlackTeam ""]
[PlyCount "141"]
[TimeControl "720+1"]

1. e4 e5 2. Nf3 Nc6 3. Bc4 Bc5 4. O-O Nf6 5. d3 d6 6. c3 O-O 7. h3 a5 8. Nbd2 h6 
9. Re1 Be6 10. a4 Ba7 11. b3 Nd7 12. Ra2 Qf6 13. Nf1 Qg6 14. g4 Rad8 15. Ng3 Nc5 
16. Nh4 Qh7 17. Nhf5 Kh8 18. Bd5 Nd7 19. d4 exd4 20. Bxc6 bxc6 21. Nxd4 Nc5 
22. Be3 Ra8 23. Rd2 Bb6 24. Rb2 Rfe8 25. Nxc6 Bd7 26. Bxc5 Bxc5 27. Nxa5 Rxa5 
28. b4 Bxb4 29. cxb4 Rxa4 30. b5 Ra7 31. b6 cxb6 32. Rxb6 Be6 33. Qxd6 Rd7 
34. Rb8 Qg8 35. Rxe8 Qxe8 36. Qe5 Kh7 37. Rb1 Re7 38. Qc5 Qd7 39. Nh5 f6 
40. Ng3 Qd8 41. Qb6 Qc8 42. Kg2 Bf7 43. Qd6 Re8 44. Ra1 Qb7 45. Qa6 Qb2 
46. Ra4 Rd8 47. Qa7 Qb3 48. Ra3 Qb4 49. Ra4 Qb5 50. Ra5 Qe8 51. Qb7 Rd7 
52. Qc6 Qe7 53. Nf5 Qd8 54. Ra8 Qc7 55. Qxc7 Rxc7 56. h4 g6 57. Nd6 Bc4 
58. f3 Rc6 59. Rd8 Be6 60. Kg3 h5 61. gxh5 gxh5 62. Nb5 Rb6 63. Nd4 Ra6 
64. Re8 Bf7 65. Rc8 Kg6 66. Nf5 Ra5 67. Rh8 Rxf5 68. exf5+ Kxf5 69. Ra8 Bc4 
70. Ra5+ Kg6 71. Kf4 1-0

[Event "Wednesday Jan 10 Engine Tour 9 Rd Swiss 12m+1s Starts at 1600hrs ST"]
[Site "Infinity Chess"]
[Date "2018.1.10"]
[Round "2"]
[White "MGR"]
[Black "xeonrocks"]
[Result "1/2-1/2"]
[ECO "C50"]
[WhiteElo "2493"]
[BlackElo "2511"]
[WhiteEngine "asmFishW_2017-11-19_bmi2"]
[BlackEngine "asmFishW_CTG"]
[EventType "Swiss"]
[WhiteTeam ""]
[BlackTeam ""]
[PlyCount "143"]
[TimeControl "720+1"]

1. e4 e5 2. Nf3 Nc6 3. Bc4 Bc5 4. O-O Nf6 5. d3 d6 6. c3 O-O 7. Bg5 h6 8. Bh4 a6 
9. a4 g5 10. Bg3 Ba7 11. Nbd2 Nh7 12. h3 h5 13. Kh1 Kh8 14. b4 h4 15. Bh2 g4 
16. Ng1 Rg8 17. hxg4 Bxg4 18. f3 Bd7 19. f4 Bxg1 20. Rxg1 exf4 21. Qh5 Bg4 
22. Qh6 Rg6 23. Qxf4 Nf6 24. Qe3 Nh5 25. Rgf1 Ng3+ 26. Bxg3 hxg3 27. Qxg3 Ne5 
28. Rf4 Be2 29. Rh4+ Kg7 30. Qh3 Qg5 31. Nf1 Qxh4 32. Qxh4 Rh6 33. Qxh6+ Kxh6 
34. a5 Re8 35. Ng3 Bxd3 36. Bxd3 Nxd3 37. Kg1 Ne5 38. Rf1 Kg7 39. Nh5+ Kf8 
40. Nf6 Re6 41. Nd5 c5 42. Rf4 cxb4 43. cxb4 Re8 44. Rf6 Nc4 45. Nc3 Kg7 
46. Rf3 Rc8 47. Nd5 Ne5 48. Rg3+ Kf8 49. Rc3 Rxc3 50. Nxc3 Ke7 51. Nd5+ Ke6 
52. Kf2 Nc6 53. Ke3 Ke5 54. g4 Nd4 55. Kd3 Nb5 56. g5 Nd4 57. Nf4 Kxf4 
58. Kxd4 Kxg5 59. Kd5 Kf4 60. Kxd6 Kxe4 61. Kc7 f5 62. Kxb7 f4 63. b5 axb5 
64. a6 f3 65. a7 f2 66. a8=Q f1=Q 67. Ka6+ Kd4 68. Qd8+ Kc3 69. Qc7+ Kb3 
70. Ka5 b4 71. Qg3+ Kb2 72. Kxb4 1/2-1/2

[Event "Wednesday Jan 10 Engine Tour 9 Rd Swiss 12m+1s Starts at 1600hrs ST"]
[Site "Infinity Chess"]
[Date "2018.1.10"]
[Round "2"]
[White "Dovahkiin"]
[Black "Satria_Ungu"]
[Result "0-1"]
[ECO ""]
[WhiteElo "2429"]
[BlackElo "2394"]
[WhiteEngine "BrainFish_180106_x64_modern_CTG"]
[BlackEngine "Houdini 6_CTG"]
[EventType "Swiss"]
[WhiteTeam ""]
[BlackTeam ""]
[PlyCount "72"]
[TimeControl "720+1"]

1. e3 Nf6 2. d3 d5 3. d4 c5 4. Nf3 Nc6 5. c3 Bg4 6. h3 Bh5 7. dxc5 e5 8. g4 Bg6 
9. b4 Ne4 10. Bb2 Qf6 11. Nbd2 Be7 12. h4 h6 13. Rh3 Nxd2 14. Qxd2 Qe6 
15. h5 Bh7 16. Rg3 Rd8 17. Bb5 Be4 18. Qe2 O-O 19. Rd1 Kh8 20. Nd2 Bc2 
21. Rc1 Bh7 22. Bxc6 Qxc6 23. Nf3 f6 24. Kf1 b6 25. cxb6 axb6 26. a3 b5 
27. Re1 Rc8 28. Rd1 Bd6 29. Rh3 Qd7 30. Nh4 f5 31. Nxf5 Bxf5 32. gxf5 Qxf5 
33. Rh2 Rc4 34. Rxd5 Be7 35. Bc1 Rxc3 36. Bb2 Rc2 0-1

[Event "Wednesday Jan 10 Engine Tour 9 Rd Swiss 12m+1s Starts at 1600hrs ST"]
[Site "Infinity Chess"]
[Date "2018.1.10"]
[Round "2"]
[White "THE_MACHINE"]
[Black "SkyPilot"]
[Result "1/2-1/2"]
[ECO "C58"]
[WhiteElo "2523"]
[BlackElo "2486"]
[WhiteEngine "Houdini 6"]
[BlackEngine "stockfish_x64_bmi2_2018_01_01_CTG"]
[EventType "Swiss"]
[WhiteTeam ""]
[BlackTeam ""]
[PlyCount "154"]
[TimeControl "720+1"]

1. e4 e5 2. Nf3 Nc6 3. Bc4 Nf6 4. Ng5 d5 5. exd5 Na5 6. Bb5+ c6 7. dxc6 bxc6 
8. Be2 h6 9. Nh3 Bc5 10. O-O O-O 11. d3 Nb7 12. Nc3 Nd6 13. Na4 Bd4 14. c3 Bb6 
15. Nxb6 Qxb6 16. Qb3 Qc7 17. f4 e4 18. Nf2 Re8 19. c4 Rb8 20. Qa3 Bf5 
21. dxe4 Nfxe4 22. Be3 Nxf2 23. Rxf2 Ne4 24. Rff1 Nd2 25. Rf2 Ne4 26. Rff1 Nd2 
27. Rfe1 Nb3 28. axb3 Rxe3 29. Bh5 Rxe1+ 30. Rxe1 Be6 31. Bd1 g6 32. f5 Bxf5 
33. Qc5 Be6 34. Bc2 Re8 35. h3 Qb6 36. Qxb6 axb6 37. Rd1 b5 38. Rd6 bxc4 
39. bxc4 c5 40. b3 Kg7 41. Kf2 Ra8 42. Ke3 Ra2 43. Rd2 g5 44. Ke4 Kf8 45. Rf2 g4 
46. hxg4 Bxg4 47. Kd3 h5 48. Rf4 Ra1 49. Kc3 Re1 50. Bg6 Re3+ 51. Kb2 Re2+ 
52. Ka3 f6 53. Be4 Ke7 54. Bf3 Bxf3 55. gxf3 Re3 56. Ka4 Rc3 57. Rf5 h4 
58. Rxc5 Rxf3 59. b4 h3 60. Rh5 Rc3 61. Kb5 Kf7 62. c5 Kg6 63. Rh4 Kg5 
64. Rh7 Kf4 65. Kc6 Kg3 66. b5 h2 67. b6 f5 68. b7 Rb3 69. Rh8 f4 70. Rg8+ Kf2 
71. Rh8 Kg2 72. Rg8+ Kf1 73. Rh8 Kg1 74. Rg8+ Kf2 75. Rh8 Kg2 76. Rg8+ Kf3 
77. Rh8 Kg2 1/2-1/2

[Event "Wednesday Jan 10 Engine Tour 9 Rd Swiss 12m+1s Starts at 1600hrs ST"]
[Site "Infinity Chess"]
[Date "2018.1.10"]
[Round "1"]
[White "angriff"]
[Black "Thinker"]
[Result "1/2-1/2"]
[ECO "C50"]
[WhiteElo "2405"]
[BlackElo "2437"]
[WhiteEngine "SF_64BIT_POPCNT_CTG"]
[BlackEngine "BrainFish_180106_x64_modern_CTG"]
[EventType "Swiss"]
[WhiteTeam ""]
[BlackTeam ""]
[PlyCount "105"]
[TimeControl "720+1"]

1. e4 e5 2. Nf3 Nc6 3. Bc4 Bc5 4. O-O Nf6 5. d3 d6 6. c3 O-O 7. Nbd2 a6 
8. a4 Ba7 9. h3 Ne7 10. Re1 Ng6 11. d4 c6 12. Bf1 Re8 13. Qc2 Qc7 14. dxe5 Nxe5 
15. Nxe5 dxe5 16. a5 h6 17. Nf3 Qe7 18. Bd2 Nh7 19. Qc1 Nf8 20. b4 Be6 
21. c4 Rad8 22. c5 Bb8 23. Bc3 Ng6 24. g3 f6 25. Qe3 f5 26. exf5 Bxf5 
27. Ra2 Qe6 28. Rd2 Bxh3 29. Rxd8 Rxd8 30. Ng5 hxg5 31. Qxg5 Qf6 32. Qxf6 gxf6 
33. Bxh3 Kf7 34. Bf1 Ne7 35. f3 Nd5 36. Bc4 Kg6 37. Bd2 f5 38. Kf2 Rh8 
39. Re2 Kf6 40. Kg2 Rd8 41. Kf2 Rg8 42. Bc3 Rh8 43. Bd2 e4 44. fxe4 fxe4 
45. Rxe4 Rh2+ 46. Ke1 Bxg3+ 47. Kd1 Bf4 48. Bxd5 Bxd2 49. Be6 Bxb4 50. Rxb4 Kxe6 
51. Rxb7 Kd5 52. Rb6 Kxc5 53. Rxa6 1/2-1/2

[Event "Wednesday Jan 10 Engine Tour 9 Rd Swiss 12m+1s Starts at 1600hrs ST"]
[Site "Infinity Chess"]
[Date "2018.1.10"]
[Round "1"]
[White "RonWeasley"]
[Black "miguello"]
[Result "1/2-1/2"]
[ECO "A00"]
[WhiteElo "2448"]
[BlackElo "2408"]
[WhiteEngine "BrainFish 060118_CTG"]
[BlackEngine "asmFishW_2017-11-19_popcnt_CTG"]
[EventType "Swiss"]
[WhiteTeam ""]
[BlackTeam ""]
[PlyCount "88"]
[TimeControl "720+1"]

1. a3 e5 2. e3 d5 3. d4 Nc6 4. dxe5 Nxe5 5. Nd2 g6 6. Ngf3 Nxf3+ 7. Nxf3 Bg7 
8. e4 Ne7 9. exd5 Qxd5 10. Qxd5 Nxd5 11. Bc4 Nb6 12. Bb3 O-O 13. O-O Re8 
14. a4 Be6 15. Bxe6 Rxe6 16. Re1 Rd8 17. Kf1 Rxe1+ 18. Kxe1 a5 19. c3 f5 
20. g3 Rd7 21. Ke2 Kf7 22. h4 Nc4 23. Rb1 c6 24. Bg5 h6 25. Bf4 b5 26. Ra1 Nxb2 
27. axb5 cxb5 28. Rxa5 Na4 29. c4 Nc3+ 30. Kf1 bxc4 31. Rc5 Rd1+ 32. Kg2 Nd5 
33. Rxc4 Nxf4+ 34. gxf4 Ke6 35. Rc6+ Rd6 36. Rc7 Bf6 37. Rh7 h5 38. Ra7 Kd5 
39. Rb7 Ke6 40. Kg3 Rd3 41. Rb6+ Kf7 42. Rb7+ Ke6 43. Rb6+ Kf7 44. Rb7+ Ke6 
1/2-1/2

[Event "Wednesday Jan 10 Engine Tour 9 Rd Swiss 12m+1s Starts at 1600hrs ST"]
[Site "Infinity Chess"]
[Date "2018.1.10"]
[Round "1"]
[White "MiKachomiKa QueeN"]
[Black "Marsell"]
[Result "1/2-1/2"]
[ECO "C58"]
[WhiteElo "2410"]
[BlackElo "2462"]
[WhiteEngine "stockfish_18010422_x64_modern_CTG"]
[BlackEngine "asmFishW_2017-12-07_popcnt"]
[EventType "Swiss"]
[WhiteTeam ""]
[BlackTeam ""]
[PlyCount "53"]
[TimeControl "720+1"]

1. e4 e5 2. Nf3 Nc6 3. Bc4 Nf6 4. Ng5 d5 5. exd5 Na5 6. Bb5+ c6 7. dxc6 bxc6 
8. Qf3 Be7 9. Bd3 O-O 10. Nc3 Rb8 11. O-O h6 12. Nge4 Nh7 13. Ng3 Ng5 14. Qe2 f5 
15. f3 Bd6 16. b3 Ne6 17. Na4 h5 18. Qe1 Nf4 19. Nb2 Qg5 20. Bc4+ Nxc4 
21. Nxc4 Bc5+ 22. Kh1 Bd4 23. c3 Nd3 24. Qe2 Nf4 25. Qe1 Nd3 26. Qe2 Nf4 27. Qe1 
1/2-1/2

[Event "Wednesday Jan 10 Engine Tour 9 Rd Swiss 12m+1s Starts at 1600hrs ST"]
[Site "Infinity Chess"]
[Date "2018.1.10"]
[Round "1"]
[White "Time_bandit"]
[Black "Dovahkiin"]
[Result "0-1 "]
[ECO "D05"]
[WhiteElo "2475"]
[BlackElo "2410"]
[WhiteEngine "asmFishW_2017-11-19_popcnt"]
[BlackEngine "BrainFish_180106_x64_modern_CTG"]
[EventType "Swiss"]
[WhiteTeam ""]
[BlackTeam ""]
[PlyCount "106"]
[TimeControl "720+1"]

1. d4 d5 2. Nf3 Nf6 3. e3 e6 4. Bd3 c5 5. b3 Nc6 6. O-O Be7 7. Bb2 O-O 
8. Nbd2 cxd4 9. exd4 b6 10. c4 Bb7 11. Rc1 Rc8 12. Qe2 Re8 13. a3 Bf8 
14. Rfe1 g6 15. b4 dxc4 16. Nxc4 Bh6 17. Ne3 Nd5 18. Ba6 Nf4 19. Qb5 Bxa6 
20. Qxa6 Ne7 21. Qb5 Qd6 22. g3 Nfd5 23. Qd3 Rxc1 24. Bxc1 Bg7 25. Bb2 Nxe3 
26. fxe3 Rd8 27. Kg2 e5 28. b5 Nf5 29. Qe4 exd4 30. exd4 h5 31. Qc6 Qf8 
32. Kf2 Rd6 33. Qc4 Qd8 34. Ne5 Bxe5 35. dxe5 Rd2+ 36. Re2 Ng7 37. Rxd2 Qxd2+ 
38. Qe2 Qd5 39. e6 Nxe6 40. Qe5 Qd2+ 41. Kg1 Kf8 42. Bc3 Qd1+ 43. Kf2 Nc5 
44. Qh8+ Ke7 45. Qf6+ Kf8 46. Qh8+ Ke7 47. Qf6+ Ke8 48. Qc6+ Qd7 49. Ke3 Qxc6 
50. bxc6 Ke7 51. Be5 Ke6 52. Bf4 f6 53. h3 Nb3 0-1

[Event "Wednesday Jan 10 Engine Tour 9 Rd Swiss 12m+1s Starts at 1600hrs ST"]
[Site "Infinity Chess"]
[Date "2018.1.10"]
[Round "1"]
[White "ivrdurant"]
[Black "Vimtiroba"]
[Result "1/2-1/2"]
[ECO "C24"]
[WhiteElo "2419"]
[BlackElo "2481"]
[WhiteEngine "Raubfisch X37b1."]
[BlackEngine "CChess@Extended_CTG"]
[EventType "Swiss"]
[WhiteTeam ""]
[BlackTeam ""]
[PlyCount "97"]
[TimeControl "720+1"]

1. e4 e5 2. Bc4 Nf6 3. d3 c6 4. Nf3 d5 5. Bb3 a5 6. a4 Bb4+ 7. c3 Bd6 
8. exd5 cxd5 9. Bg5 Be6 10. Bh4 Nbd7 11. O-O O-O 12. Na3 Bb8 13. h3 Ra6 
14. Nb5 Qc8 15. d4 e4 16. Nh2 h6 17. Re1 Nh7 18. Rc1 Ndf6 19. Bg3 Bxg3 
20. fxg3 Rd8 21. c4 Qb8 22. Nf1 dxc4 23. Bxc4 Bxc4 24. Rxc4 Nf8 25. Kh2 Ne6 
26. Qd2 h5 27. Nc3 Rc6 28. Rxc6 e3 29. Rxe3 bxc6 30. Ne2 Qc7 31. Rd3 Nd5 
32. Qe1 Nb4 33. Rd1 Nd5 34. Rd3 Nb4 35. Rd2 Nd5 36. Nc3 Qb8 37. Nxd5 Rxd5 
38. Ne3 Rxd4 39. Rxd4 Nxd4 40. Qxa5 Qxb2 41. Qd8+ Kh7 42. g4 Nf3+ 43. Kg3 Nd4 
44. gxh5 Ne2+ 45. Kf2 Nd4+ 46. Kg1 Ne2+ 47. Kf2 Nd4+ 48. Kg3 Ne2+ 49. Kf2 
1/2-1/2

[Event "Wednesday Jan 10 Engine Tour 9 Rd Swiss 12m+1s Starts at 1600hrs ST"]
[Site "Infinity Chess"]
[Date "2018.1.10"]
[Round "1"]
[White "MarioDeMonti"]
[Black "Gilgamesch"]
[Result "1/2-1/2"]
[ECO "B53"]
[WhiteElo "2424"]
[BlackElo "2491"]
[WhiteEngine "stockfish_x64_bmi2_2017_12_26_CTG"]
[BlackEngine "BrainFish_171005_x64_bmi2"]
[EventType "Swiss"]
[WhiteTeam ""]
[BlackTeam ""]
[PlyCount "118"]
[TimeControl "720+1"]

1. e4 c5 2. Nf3 d6 3. d4 Nf6 4. Nc3 cxd4 5. Nxd4 a6 6. Be3 e5 7. Nb3 Be6 
8. f3 Be7 9. Qd2 Nbd7 10. g4 O-O 11. O-O-O b5 12. g5 Nh5 13. Kb1 Nb6 
14. Nd5 Nxd5 15. exd5 Bf5 16. Na5 f6 17. h4 Ng3 18. Nc6 Qd7 19. Rg1 Nxf1 
20. Rdxf1 fxg5 21. hxg5 Bg6 22. Rf2 Rae8 23. Qa5 Qb7 24. Qb4 Rf5 25. b3 Bf8 
26. Rgf1 Rc8 27. Qd2 Be8 28. f4 exf4 29. Rxf4 Rxf4 30. Rxf4 Bxc6 31. dxc6 Qxc6 
32. Qd3 g6 33. Bd4 a5 34. Bf6 a4 35. a3 axb3 36. Qxb3+ d5 37. Rd4 Ra8 
38. Qxd5+ Qxd5 39. Rxd5 Rxa3 40. Rxb5 Rf3 41. Rb6 Rf1+ 42. Kb2 Rf3 43. c4 h6 
44. Kc2 h5 45. Bd4 Kf7 46. c5 Rf5 47. c6 Bd6 48. Rb7+ Ke6 49. Rg7 h4 50. c7 Rf8 
51. Rxg6+ Kd5 52. Kd3 Bxc7 53. Rh6 Bd6 54. g6 Be5 55. g7 Rg8 56. Bxe5 Kxe5 
57. Rg6 h3 58. Rg5+ Kf4 59. Rh5 h2 1/2-1/2

[Event "Wednesday Jan 10 Engine Tour 9 Rd Swiss 12m+1s Starts at 1600hrs ST"]
[Site "Infinity Chess"]
[Date "2018.1.10"]
[Round "1"]
[White "MGR"]
[Black "Klaus"]
[Result "1/2-1/2"]
[ECO "C50"]
[WhiteElo "2495"]
[BlackElo "2433"]
[WhiteEngine "asmFishW_2017-11-19_bmi2"]
[BlackEngine "asmFishW_2017-11-19_bmi2"]
[EventType "Swiss"]
[WhiteTeam ""]
[BlackTeam ""]
[PlyCount "128"]
[TimeControl "720+1"]

1. e4 e5 2. Nf3 Nc6 3. Bc4 Bc5 4. O-O Nf6 5. d3 d6 6. c3 a5 7. Bg5 Ba7 
8. Nbd2 h6 9. Bh4 Qe7 10. Bb5 g5 11. Bg3 O-O 12. Nc4 Nh5 13. Bxc6 bxc6 
14. Nxa5 Nxg3 15. hxg3 Bd7 16. Qd2 f6 17. a4 Qh7 18. Nc4 f5 19. exf5 Bxf5 
20. Rad1 Bg4 21. Qe2 Rf7 22. Qe4 Qxe4 23. dxe4 Bc8 24. Nxd6 cxd6 25. Rxd6 Kg7 
26. Nxe5 Rb7 27. Rd2 Bc5 28. b4 Be7 29. Nxc6 Rxa4 30. Nxe7 Rxe7 31. f3 Ra3 
32. c4 g4 33. Rd6 Rb7 34. b5 Rc3 35. Rc6 Bd7 36. Rc5 Be6 37. Rc6 Bxc4 
38. b6 gxf3 39. gxf3 Bxf1 40. Rxc3 Bb5 41. Rc7+ Rxc7 42. bxc7 Ba6 43. f4 Kf7 
44. Kf2 Ke8 45. g4 Kd7 46. c8=Q+ Bxc8 47. g5 hxg5 48. f5 Kd8 49. Kg3 g4 
50. Kxg4 Ke7 51. e5 Ba6 52. Kf4 Bb7 53. Kg4 Bc8 54. Kg5 Ke8 55. e6 Kf8 
56. Kf6 Bb7 57. Ke5 Ba6 58. f6 Bc8 59. Kd6 Ke8 60. Ke5 Ba6 61. Kd5 Bb7+ 
62. Ke5 Ba6 63. Kd5 Bb7+ 64. Ke5 Ba6 1/2-1/2